Punishers vs Rocket

Created - April 10, 2022 at 19:56

Goals
1 2 3 T
Punishers 2 0 1 3
Rocket 0 3 1 4
Shots
1 2 3 T
Punishers 8 16 6 30
Rocket 5 20 10 35

1st period

1. Punishers , Corey Tropp 34 (Zack Hamill 56, Tyler Bertuzzi 26) at 10:11 (PP)
2. Punishers , Carter Ashton 18 (Ben Betker 17, Radek Faksa 31) at 17:15

Penalties :
Brandon Pirri (Lav) for Slashing (Minor) at 9:59, Corey Tropp (Pro) for Hooking (Minor) at 12:46, Adrian Kempe (Lav) for Hooking (Minor) at 17:27

2nd period

3. Rocket , Adrian Kempe 23 (Danton Heinen 34, Corey Trivino 38) at 9:34 (PP)
4. Rocket , Viktor Loov 7 (Danton Heinen 35, Adam Fox 19) at 11:49 (PP)
5. Rocket , Danton Heinen 28 (Adrian Kempe 40, Adam Fox 20) at 12:19

Penalties :
Viktor Loov (Lav) for Holding (Minor) at 4:45, Tyler Bertuzzi (Pro) for Tripping (Minor) at 9:23, Connor Clifton (Pro) for Holding Stick (Minor) at 11:40, Jiri Sekac (Lav) for Hooking (Minor) at 15:43

3rd period

6. Punishers , Tyler Bertuzzi 29 (Corey Tropp 33, Zack Hamill 57) at 11:56
7. Rocket , Kole Sherwood 1 (Andrei Mironov 15, Mason Appleton 4) at 13:13

Penalties :
Radek Faksa (Pro) for Tripping (Minor) at 0:32, Brandon Pirri (Lav) for Boarding (Minor) at 7:37, Andrey Pedan (Lav) for Holding (Minor) at 14:50

Goalie Stats

Louis Domingue (Pro), 31 saves from 35 shots - (0.886), L, 20-16-4, 59:17 minutes
Igor Shesterkin (Lav), 27 saves from 30 shots - (0.900), W, 22-10-1, 60:00 minutes

Players Stats for Punishers

Player Name              G  A  P  +/- PIM S  H  SB GA TA FO     MP     PP MP  PK MP  
------------------------------------------------------------------------------------
Alex Schoenborn          0  0  0  -1  0   0  2  0  0  0  0/1     3:35   0:44   0:00 
Alexander Nylander       0  0  0   0  0   0  0  0  0  0  0/0     2:03   0:31   0:00 
Anton Blidh              0  0  0  -1  0   0  5  0  0  1  0/0    16:12   0:00   0:58 
Artem Zub                0  0  0   2  0   2  0  0  0  0  0/0    27:56   5:32   2:54 
Austen Brassard          0  0  0   0  0   0  5  0  0  0  0/0    11:55   0:24   0:00 
Austin Wagner            0  0  0   0  0   0  0  0  0  0  0/0     0:23   0:00   0:23 
Beck Malenstyn           0  0  0   0  0   0  0  0  0  0  0/0     0:00   0:00   0:00 
Ben Betker               0  1  1   2  0   3  1  3  1  1  0/0    27:56   5:32   2:54 
Carter Ashton            1  0  1   1  0   6  1  1  1  0  0/0    16:49   4:28   0:00 
Chrstian Dvorak          0  0  0   1  0   1  1  0  0  0  0/0    16:49   4:28   0:00 
Connor Clifton           0  0  0  -1  2   0  0  1  0  0  0/0    13:19   0:00   0:00 
Corey Tropp              1  1  2   0  2   10 4  1  3  0  0/0    22:30   5:08   1:26 
Fredrik Claesson         0  0  0  -1  0   0  0  1  1  0  0/0    19:02   4:35   1:24 
Gabriel Gagne            0  0  0   0  0   0  0  0  0  0  0/0     2:14   0:00   1:31 
John Quenneville         0  0  0   0  0   0  0  0  0  0  2/6    11:56   0:03   0:43 
Michael Joly             0  0  0  -1  0   0  0  0  0  1  0/0     5:24   0:00   0:00 
Nicolas Roy              0  0  0  -1  0   0  0  0  0  0  0/0     5:24   0:00   0:00 
Nikita Gusev             0  0  0   0  0   0  3  0  1  0  0/1    11:10   0:00   0:00 
Noah Juulsen             0  0  0  -1  0   2  0  0  0  1  0/0    18:44   4:35   1:24 
Radek Faksa              0  1  1   1  2   2  2  0  2  1  9/18   17:29   4:28   0:12 
Tyler Bertuzzi           1  1  2   0  2   2  1  0  0  1  0/0    21:25   5:05   0:53 
Zack Hamill              0  2  2   0  0   2  2  1  1  0  23/35  23:23   5:02   2:30 

Players Stats for Rocket

Player Name              G  A  P  +/- PIM S  H  SB GA TA FO     MP     PP MP  PK MP  
------------------------------------------------------------------------------------
Adam Fox                 0  2  2   0  0   0  3  1  0  1  0/0    23:21   2:52   4:11 
Adrian Kempe             1  1  2   1  2   3  0  0  0  0  1/2    17:09   2:31   2:49 
Andrei Mironov           0  1  1   1  0   1  0  1  1  1  0/0    23:24   0:00   5:56 
Andrey Pedan             0  0  0  -1  2   1  3  0  1  0  0/0    13:54   1:26   0:33 
Brandon Pirri            0  0  0  -2  4   1  3  0  0  0  0/1    18:24   1:47   1:05 
Corey Trivino            0  1  1   1  0   3  2  0  0  0  5/12   17:41   2:31   4:04 
Danton Heinen            1  2  3   1  0   6  0  1  0  0  1/3    13:39   2:31   0:00 
Dean Kukan               0  0  0  -1  0   0  0  1  0  1  0/0    13:05   0:00   0:56 
Dylan DeMelo             0  0  0   1  0   2  1  1  0  1  0/0    24:47   1:26   5:32 
Jakub Vrana              0  0  0   1  0   2  0  0  1  0  1/1     8:45   0:00   0:00 
Jiri Sekac               0  0  0   0  2   4  2  0  1  0  2/3    13:08   0:00   2:25 
Karson Kuhlman           0  0  0   0  0   1  2  2  0  0  3/9    14:53   0:00   4:31 
Kole Sherwood            1  0  1   1  0   1  0  0  0  0  0/0     7:38   0:00   0:00 
Mason Appleton           0  1  1   1  0   3  1  0  0  1  3/6     8:19   0:00   0:41 
Mattias Tedenby          0  0  0  -2  0   2  3  1  1  3  0/2    17:58   1:47   0:00 
Peter Holland            0  0  0  -2  0   1  1  1  1  0  10/21  16:46   1:47   0:00 
Ty Rattie                0  0  0   0  0   2  1  1  0  0  1/1    15:01   0:00   4:39 
Viktor Loov              1  0  1   0  2   2  4  2  0  2  0/0    21:55   2:52   3:06 

3 Stars

1 - Danton Heinen (Lav)
2 - Corey Tropp (Pro)
3 - Adam Fox (Lav)

Power Play

Punishers - 1 on 6 Attempt(s) - 16.67%
Rocket - 2 on 4 Attempt(s) - 50.00%

Penalty Kill

Punishers - 2 on 4 Attempt(s) - 50.00% - Score 0 goal in Penalty Kill
Rocket - 5 on 6 Attempt(s) - 83.33% - Score 0 goal in Penalty Kill

Team Stat

Punishers - Hits : 27 - Faceoff Wins : 34 - Blocked Shots : 8 - Penalty Minutes : 8
Rocket - Hits : 26 - Faceoff Wins : 27 - Blocked Shots : 12 - Penalty Minutes : 12

Official

Referees : Jean Hebert and Kyle Rehman
Linesman : Jesse Marquis and Greg Devorski

Game Notes

No Game Note

Finance

Level 1 -- Attendance: 2000 (100.00%) -- Ticket Income $70,000
Level 2 -- Attendance: 968 (96.80%) -- Ticket Income $14,520
Total Attendance: 2968 (98.93%)
Total Ticket Income: $84,520
Other Income: $4,226
Total Income: $88,746

Punishers

5 vs 5 Forward 
   Center                   Left Wing                Right Wing               Time % Phy DF OF 
 1 Zack Hamill              Tyler Bertuzzi           Corey Tropp              40     1   2  2  
 2 Radek Faksa              Chrstian Dvorak          Carter Ashton            30     1   2  2  
 3 John Quenneville         Nikita Gusev             Austen Brassard          20     1   2  2  
 4 Nicolas Roy              Anton Blidh              Michael Joly             10     1   2  2  

5 vs 5 Defense 
   Defense                  Defense                                           Time % Phy DF OF 
 1 Ben Betker               Artem Zub                                         40     1   2  2  
 2 Noah Juulsen             Fredrik Claesson                                  30     1   2  2  
 3 Connor Clifton           Anton Blidh                                       20     1   2  2  
 4 Ben Betker               Artem Zub                                         10     1   2  2  

PowerPlay Forward 
   Center                   Left Wing                Right Wing               Time % Phy DF OF 
 1 Zack Hamill              Tyler Bertuzzi           Corey Tropp              60     1   2  2  
 2 Radek Faksa              Chrstian Dvorak          Carter Ashton            40     1   2  2  

PowerPlay Defense
   Defense                  Defense                                           Time % Phy DF OF 
 1 Ben Betker               Artem Zub                                         60     1   2  2  
 2 Noah Juulsen             Fredrik Claesson                                  40     1   2  2  

Penalty Kill 4 Players Forward 
   Center                   Wing                     Time % Phy DF OF 
 1 Zack Hamill              Corey Tropp              60     1   2  2  
 2 Tyler Bertuzzi           Radek Faksa              40     1   2  2  

Penalty Kill 4 Players Defense
   Defense                  Defense                  Time % Phy DF OF 
 1 Ben Betker               Artem Zub                60     1   2  2  
 2 Noah Juulsen             Fredrik Claesson         40     1   2  2  

Penalty Kill - 3 Players Forward 
   Forward                                           Time % Phy DF OF 
 1 Zack Hamill                                       60     1   2  2  
 2 Corey Tropp                                       40     1   2  2  

Penalty Kill - 3 Players Defense
   Defense                  Defense                  Time % Phy DF OF 
 1 Ben Betker               Artem Zub                60     1   2  2  
 2 Noah Juulsen             Fredrik Claesson         40     1   2  2  

4 vs 4 Forward 
   Center                   Wing                     Time % Phy DF OF 
 1 Zack Hamill              Corey Tropp              60     1   2  2  
 2 Tyler Bertuzzi           Radek Faksa              40     1   2  2  

4 vs 4 Defense
   Defense                  Defense                  Time % Phy DF OF 
 1 Ben Betker               Artem Zub                60     1   2  2  
 2 Noah Juulsen             Fredrik Claesson         40     1   2  2  

Last Minutes Offensive
   Center                   Left Wing                Right Wing               Defense                  Defense                  
   Zack Hamill              Tyler Bertuzzi           Corey Tropp              Ben Betker               Artem Zub                

Last Minutes Defensive
   Center                   Left Wing                Right Wing               Defense                  Defense                  
   Zack Hamill              Tyler Bertuzzi           Corey Tropp              Ben Betker               Artem Zub                

Goaltenders
Starting : Louis Domingue           
Backup : Daniel Altshuller        

Extra Forwards
Normal : Alex Schoenborn, Alexander Nylander, Gabriel Gagne - PP : Alex Schoenborn, Alexander Nylander - PK : Gabriel Gagne
Extra Defensemen
Normal : Connor Clifton, Noah Juulsen, Fredrik Claesson - PP : Connor Clifton - PK : Noah Juulsen, Fredrik Claesson
Penalty Shots
Zack Hamill, Corey Tropp, Tyler Bertuzzi, Radek Faksa, Carter Ashton

Scratches
Daniel Audette (Broken Left Index Finger Injury), Niko Mikkola (Healthy), Connor Ingram (Healthy)

Rocket

5 vs 5 Forward 
   Center                   Left Wing                Right Wing               Time % Phy DF OF 
 1 Peter Holland            Brandon Pirri            Mattias Tedenby          40     0   1  4  
 2 Corey Trivino            Adrian Kempe             Danton Heinen            30     0   1  4  
 3 Karson Kuhlman           Jiri Sekac               Ty Rattie                20     0   2  3  
 4 Mason Appleton           Jakub Vrana              Kole Sherwood            10     0   2  3  

5 vs 5 Defense 
   Defense                  Defense                                           Time % Phy DF OF 
 1 Viktor Loov              Adam Fox                                          40     1   2  2  
 2 Dylan DeMelo             Andrei Mironov                                    30     1   2  2  
 3 Dean Kukan               Andrey Pedan                                      20     1   2  2  
 4 Andrei Mironov           Adam Fox                                          10     1   2  2  

PowerPlay Forward 
   Center                   Left Wing                Right Wing               Time % Phy DF OF 
 1 Corey Trivino            Adrian Kempe             Danton Heinen            60     1   2  2  
 2 Peter Holland            Brandon Pirri            Mattias Tedenby          40     1   2  2  

PowerPlay Defense
   Defense                  Defense                                           Time % Phy DF OF 
 1 Viktor Loov              Adam Fox                                          60     1   2  2  
 2 Dylan DeMelo             Andrey Pedan                                      40     1   2  2  

Penalty Kill 4 Players Forward 
   Center                   Wing                     Time % Phy DF OF 
 1 Karson Kuhlman           Ty Rattie                60     1   2  2  
 2 Corey Trivino            Jiri Sekac               40     1   2  2  

Penalty Kill 4 Players Defense
   Defense                  Defense                  Time % Phy DF OF 
 1 Andrei Mironov           Dylan DeMelo             60     1   2  2  
 2 Viktor Loov              Adam Fox                 40     1   2  2  

Penalty Kill - 3 Players Forward 
   Forward                                           Time % Phy DF OF 
 1 Karson Kuhlman                                    60     1   2  2  
 2 Mason Appleton                                    40     1   2  2  

Penalty Kill - 3 Players Defense
   Defense                  Defense                  Time % Phy DF OF 
 1 Viktor Loov              Dean Kukan               60     1   2  2  
 2 Adam Fox                 Andrey Pedan             40     1   2  2  

4 vs 4 Forward 
   Center                   Wing                     Time % Phy DF OF 
 1 Corey Trivino            Jakub Vrana              60     1   2  2  
 2 Brandon Pirri            Adrian Kempe             40     1   2  2  

4 vs 4 Defense
   Defense                  Defense                  Time % Phy DF OF 
 1 Viktor Loov              Dean Kukan               60     1   2  2  
 2 Dylan DeMelo             Andrey Pedan             40     1   2  2  

Last Minutes Offensive
   Center                   Left Wing                Right Wing               Defense                  Defense                  
   Corey Trivino            Brandon Pirri            Mattias Tedenby          Viktor Loov              Dean Kukan               

Last Minutes Defensive
   Center                   Left Wing                Right Wing               Defense                  Defense                  
   Corey Trivino            Brandon Pirri            Mattias Tedenby          Viktor Loov              Dean Kukan               

Goaltenders
Starting : Igor Shesterkin          
Backup : Jean-Francois Berube     

Extra Forwards
Normal : Danton Heinen, Adrian Kempe, Mattias Tedenby - PP : Danton Heinen, Adrian Kempe - PK : Jiri Sekac
Extra Defensemen
Normal : Andrei Mironov, Adam Fox, Dylan DeMelo - PP : Viktor Loov - PK : Andrei Mironov, Dean Kukan
Penalty Shots
Corey Trivino, Mattias Tedenby, Brandon Pirri, Adrian Kempe, Danton Heinen

Scratches
Daniel Sprong (Healthy), Dominic Turgeon (Sprained Left Knee Injury), Guillaume Brisebois (Healthy), Jack Glover (Healthy), Ryan Collins (Healthy)
Sergey Tolchinsky (Healthy), Tyler Lewington (Healthy), Luke Kunin (Healthy), Mikhail Maltsev (Healthy), Blake Hillman (Healthy)

% Time on Ice - Punishers

Lines # - Real PCT - Wanted PCT - Time Play
Normal Forward
1 - 34% - 40% - 15:10
2 - 29% - 30% - 12:43
3 - 25% - 20% - 11:10
4 - 12% - 10% - 5:24
Normal Defense
1 - 38% - 40% - 16:43
2 - 28% - 30% - 12:15
3 - 30% - 20% - 13:20
4 - 5% - 10% - 2:09
PP Forward
1 - 56% - 60% - 5:39
2 - 44% - 40% - 4:28
PP Defense
1 - 55% - 60% - 5:32
2 - 45% - 40% - 4:35
PK Forward
1 - 79% - 60% - 3:25
2 - 21% - 40% - 0:53
PK Defense
1 - 67% - 60% - 2:54
2 - 33% - 40% - 1:24
PK3 Forward
1 - 0% - 60%
2 - 0% - 40%
PK3 Defense
1 - 0% - 60%
2 - 0% - 40%
44 Forward
1 - 0% - 60%
2 - 0% - 40%
44 Defense
1 - 0% - 60%
2 - 0% - 40%
Last Minute Offensive  - 1:08
Last Minute Defensive  - 0:00
Total
Forward - 60:00
Defense - 60:00

% Time on Ice - Rocket

Lines # - Real PCT - Wanted PCT - Time Play
Normal Forward
1 - 38% - 40% - 16:47
2 - 22% - 30% - 9:43
3 - 23% - 20% - 10:15
4 - 17% - 10% - 7:38
Normal Defense
1 - 34% - 40% - 15:14
2 - 38% - 30% - 17:05
3 - 24% - 20% - 10:35
4 - 3% - 10% - 1:29
PP Forward
1 - 59% - 60% - 2:31
2 - 41% - 40% - 1:47
PP Defense
1 - 67% - 60% - 2:52
2 - 33% - 40% - 1:26
PK Forward
1 - 76% - 60% - 7:43
2 - 24% - 40% - 2:24
PK Defense
1 - 55% - 60% - 5:32
2 - 45% - 40% - 4:35
PK3 Forward
1 - 0% - 60%
2 - 0% - 40%
PK3 Defense
1 - 0% - 60%
2 - 0% - 40%
44 Forward
1 - 0% - 60%
2 - 0% - 40%
44 Defense
1 - 0% - 60%
2 - 0% - 40%
Last Minute Offensive  - 0:00
Last Minute Defensive  - 1:12
Total
Forward - 60:00
Defense - 60:00

Play-by-Play

1st period


0:01 of 1st period - Zack Hamill wins face-off versus Peter Holland in neutral zone.
0:27 of 1st period - Carter Ashton is hit by Viktor Loov and loses puck.
0:34 of 1st period - Slapshot by Danton Heinen.
0:34 of 1st period - Stopped by Louis Domingue with a rebound.
0:36 of 1st period - Snap shot by Danton Heinen.
0:36 of 1st period - Stopped by Louis Domingue without a rebound.
0:37 of 1st period - John Quenneville wins face-off versus Karson Kuhlman in Punishers zone.
2:58 of 1st period - Snap shot by Corey Trivino.
2:58 of 1st period - Shot Blocked by Ben Betker.
3:15 of 1st period - Artem Zub is hit by Corey Trivino and loses puck.
3:25 of 1st period - Off-side.
3:26 of 1st period - Peter Holland wins face-off versus Radek Faksa in neutral zone.
3:51 of 1st period - Connor Clifton is hit by Viktor Loov and loses puck.
4:04 of 1st period - Dean Kukan is hit by Austen Brassard.
4:24 of 1st period - Dean Kukan is hit by Alex Schoenborn.
4:28 of 1st period - Fredrik Claesson is hit by Brandon Pirri and loses puck.
6:29 of 1st period - Artem Zub is hit by Adam Fox and loses puck.
6:58 of 1st period - Icing by Zack Hamill.
6:59 of 1st period - John Quenneville wins face-off versus Mason Appleton in Punishers zone.
7:54 of 1st period - Corey Trivino is hit by Corey Tropp and loses puck.
8:14 of 1st period - Mattias Tedenby is hit by Austen Brassard and loses puck.
8:23 of 1st period - Snap shot by John Quenneville.
8:23 of 1st period - Shot Misses the Net.
8:25 of 1st period - Slapshot by Ben Betker.
8:25 of 1st period - Stopped by Igor Shesterkin without a rebound.
8:26 of 1st period - Radek Faksa wins face-off versus Corey Trivino in Rocket zone.
8:33 of 1st period - Slapshot by Radek Faksa.
8:33 of 1st period - Stopped by Igor Shesterkin without a rebound.
8:34 of 1st period - Radek Faksa wins face-off versus Corey Trivino in Rocket zone.
8:41 of 1st period - Wrist shot by Radek Faksa.
8:41 of 1st period - Shot Misses the Net.
8:59 of 1st period - Andrey Pedan is hit by Austen Brassard and loses puck.
9:13 of 1st period - Dean Kukan is hit by Nikita Gusev and loses puck.
9:30 of 1st period - Snap shot by Adrian Kempe.
9:30 of 1st period - Shot Misses the Net.
9:32 of 1st period - Wrist shot by Andrey Pedan.
9:32 of 1st period - Shot Misses the Net.
9:34 of 1st period - Slapshot by Andrey Pedan.
9:34 of 1st period - Stopped by Louis Domingue with a rebound.
9:36 of 1st period - Slapshot by Danton Heinen.
9:36 of 1st period - Deflect By Corey Trivino.
9:36 of 1st period - Stopped by Louis Domingue without a rebound.
9:37 of 1st period - Radek Faksa wins face-off versus Peter Holland in Punishers zone.
9:37 of 1st period - Radek Faksa is hit by Adam Fox.
9:49 of 1st period - Slapshot by Radek Faksa.
9:49 of 1st period - Stopped by Igor Shesterkin with a rebound.
9:59 of 1st period - Minor Penalty to Brandon Pirri for Slashing.
10:00 of 1st period - Karson Kuhlman wins face-off versus Zack Hamill in Rocket zone.
10:11 of 1st period - Wrist shot by Corey Tropp.
10:11 of 1st period - Goal by Corey Tropp - Punishers : 1 - Rocket : 0.
10:12 of 1st period - Zack Hamill wins face-off versus Peter Holland in neutral zone.
10:15 of 1st period - Snap shot by Corey Tropp.
10:15 of 1st period - Shot Misses the Net.
10:39 of 1st period - Carter Ashton is hit by Karson Kuhlman and loses puck.
11:09 of 1st period - Wrist shot by Austen Brassard.
11:09 of 1st period - Shot Misses the Net.
12:31 of 1st period - Slapshot by Adrian Kempe.
12:31 of 1st period - Shot Blocked by Corey Tropp.
12:33 of 1st period - Wrist shot by Danton Heinen.
12:33 of 1st period - Shot Misses the Net.
12:35 of 1st period - Snap shot by Viktor Loov.
12:35 of 1st period - Shot Blocked by Zack Hamill.
12:46 of 1st period - Minor Penalty to Corey Tropp for Hooking.
12:47 of 1st period - Corey Trivino wins face-off versus Zack Hamill in Punishers zone.
12:56 of 1st period - Icing by Viktor Loov.
12:57 of 1st period - Zack Hamill wins face-off versus Corey Trivino in Rocket zone.
13:02 of 1st period - Slapshot by Artem Zub.
13:02 of 1st period - Shot Misses the Net.
13:04 of 1st period - Wrist shot by Zack Hamill.
13:04 of 1st period - Stopped by Igor Shesterkin with a rebound.
13:54 of 1st period - Noah Juulsen is hit by Andrey Pedan and loses puck.
14:46 of 1st period - Penalty to Corey Tropp is over, Corey Tropp is back on ice.
15:29 of 1st period - Off-side.
15:30 of 1st period - Zack Hamill wins face-off versus Mason Appleton in neutral zone.
15:33 of 1st period - Dean Kukan is hit by Corey Tropp and loses puck.
16:00 of 1st period - Kole Sherwood is hit by Anton Blidh and loses puck.
16:08 of 1st period - Icing by Andrey Pedan.
16:09 of 1st period - Peter Holland wins face-off versus John Quenneville in Rocket zone.
16:46 of 1st period - Snap shot by Mattias Tedenby.
16:46 of 1st period - Shot Blocked by Carter Ashton.
16:59 of 1st period - Snap shot by Peter Holland.
16:59 of 1st period - Shot Misses the Net.
17:05 of 1st period - Wrist shot by Carter Ashton.
17:05 of 1st period - Stopped by Igor Shesterkin with a rebound.
17:09 of 1st period - Snap shot by Carter Ashton.
17:09 of 1st period - Shot Misses the Net.
17:13 of 1st period - Snap shot by Carter Ashton.
17:13 of 1st period - Shot Blocked by Dean Kukan.
17:15 of 1st period - Slapshot by Carter Ashton.
17:15 of 1st period - Goal by Carter Ashton - Punishers : 2 - Rocket : 0.
17:16 of 1st period - Zack Hamill wins face-off versus Corey Trivino in neutral zone.
17:27 of 1st period - Minor Penalty to Adrian Kempe for Hooking.
17:28 of 1st period - Zack Hamill wins face-off versus Karson Kuhlman in Rocket zone.
17:44 of 1st period - Snap shot by Tyler Bertuzzi.
17:44 of 1st period - Shot Blocked by Ty Rattie.
18:04 of 1st period - Wrist shot by Carter Ashton.
18:04 of 1st period - Stopped by Igor Shesterkin without a rebound.
18:05 of 1st period - Corey Trivino wins face-off versus Zack Hamill in Rocket zone.
18:48 of 1st period - Ty Rattie is hit by Corey Tropp and loses puck.
19:00 of 1st period - Icing by Chrstian Dvorak.
19:01 of 1st period - Radek Faksa wins face-off versus Jiri Sekac in Punishers zone.
19:01 of 1st period - Radek Faksa is hit by Brandon Pirri.
19:27 of 1st period - Penalty to Adrian Kempe is over, Adrian Kempe is back on ice.
19:41 of 1st period - John Quenneville is hit by Brandon Pirri.
19:45 of 1st period - Snap shot by Mattias Tedenby.
19:45 of 1st period - Stopped by Louis Domingue with a rebound.
Goals for this period are 2 for Punishers vs 0 for Rocket.
Shots for this period are 8 for Punishers vs 5 for Rocket.

2nd period


0:01 of 2nd period - Zack Hamill wins face-off versus Peter Holland in neutral zone.
0:16 of 2nd period - Slapshot by Peter Holland.
0:16 of 2nd period - Stopped by Louis Domingue with a rebound.
0:26 of 2nd period - Tyler Bertuzzi is hit by Adam Fox and loses puck.
0:39 of 2nd period - Snap shot by Corey Tropp.
0:39 of 2nd period - Stopped by Igor Shesterkin without a rebound.
0:40 of 2nd period - Radek Faksa wins face-off versus Peter Holland in Rocket zone.
0:45 of 2nd period - Snap shot by Carter Ashton.
0:45 of 2nd period - Stopped by Igor Shesterkin without a rebound.
0:46 of 2nd period - Peter Holland wins face-off versus Radek Faksa in Rocket zone.
1:19 of 2nd period - Slapshot by Peter Holland.
1:19 of 2nd period - Shot Misses the Net.
1:27 of 2nd period - Snap shot by Brandon Pirri.
1:27 of 2nd period - Deflect By Tyler Bertuzzi.
1:27 of 2nd period - Shot Misses the Net.
1:27 of 2nd period - Puck is out of play.
1:28 of 2nd period - Radek Faksa wins face-off versus Corey Trivino in Punishers zone.
2:10 of 2nd period - Slapshot by Adrian Kempe.
2:10 of 2nd period - Stopped by Louis Domingue with a rebound.
2:23 of 2nd period - Off-side.
2:24 of 2nd period - Zack Hamill wins face-off versus Karson Kuhlman in neutral zone.
2:31 of 2nd period - Slapshot by Corey Tropp.
2:31 of 2nd period - Shot Misses the Net.
2:46 of 2nd period - Andrei Mironov is hit by Zack Hamill and loses puck.
3:07 of 2nd period - Snap shot by Zack Hamill.
3:07 of 2nd period - Shot Blocked by Karson Kuhlman.
3:09 of 2nd period - Snap shot by Noah Juulsen.
3:09 of 2nd period - Stopped by Igor Shesterkin with a rebound.
3:11 of 2nd period - Wrist shot by Zack Hamill.
3:11 of 2nd period - Shot Blocked by Karson Kuhlman.
3:13 of 2nd period - Wrist shot by Corey Tropp.
3:13 of 2nd period - Shot Blocked by Andrei Mironov.
3:15 of 2nd period - Slapshot by Connor Clifton.
3:15 of 2nd period - Shot Misses the Net.
3:17 of 2nd period - Wrist shot by Tyler Bertuzzi.
3:17 of 2nd period - Shot Misses the Net.
3:19 of 2nd period - Slapshot by Zack Hamill.
3:19 of 2nd period - Stopped by Igor Shesterkin with a rebound.
3:21 of 2nd period - Slapshot by Connor Clifton.
3:21 of 2nd period - Deflect By Corey Tropp.
3:21 of 2nd period - Stopped by Igor Shesterkin with a rebound.
4:07 of 2nd period - Wrist shot by Corey Tropp.
4:07 of 2nd period - Shot Misses the Net.
4:15 of 2nd period - Snap shot by Zack Hamill.
4:15 of 2nd period - Shot Misses the Net.
4:17 of 2nd period - Slapshot by Corey Tropp.
4:17 of 2nd period - Deflect By Ty Rattie.
4:17 of 2nd period - Stopped by Igor Shesterkin without a rebound.
4:18 of 2nd period - Peter Holland wins face-off versus Radek Faksa in Rocket zone.
4:23 of 2nd period - Slapshot by Adam Fox.
4:23 of 2nd period - Deflect By Brandon Pirri.
4:23 of 2nd period - Deflect By Radek Faksa.
4:23 of 2nd period - Shot Misses the Net.
4:23 of 2nd period - Puck is out of play.
4:24 of 2nd period - Peter Holland wins face-off versus Radek Faksa in Punishers zone.
4:45 of 2nd period - Minor Penalty to Viktor Loov for Holding.
4:46 of 2nd period - Corey Trivino wins face-off versus Radek Faksa in Rocket zone.
6:45 of 2nd period - Penalty to Viktor Loov is over, Viktor Loov is back on ice.
7:17 of 2nd period - Anton Blidh is hit by Mattias Tedenby and loses puck.
7:36 of 2nd period - Anton Blidh is hit by Ty Rattie and loses puck.
8:03 of 2nd period - Brandon Pirri is hit by Austen Brassard and loses puck.
8:14 of 2nd period - Snap shot by John Quenneville.
8:14 of 2nd period - Shot Misses the Net.
8:24 of 2nd period - Slapshot by Carter Ashton.
8:24 of 2nd period - Shot Blocked by Viktor Loov.
8:26 of 2nd period - Slapshot by Noah Juulsen.
8:26 of 2nd period - Stopped by Igor Shesterkin with a rebound.
8:32 of 2nd period - Wrist shot by Carter Ashton.
8:32 of 2nd period - Shot Blocked by Adam Fox.
8:34 of 2nd period - Wrist shot by Carter Ashton.
8:34 of 2nd period - Stopped by Igor Shesterkin without a rebound.
8:35 of 2nd period - Ty Rattie wins face-off versus Zack Hamill in Rocket zone.
8:42 of 2nd period - Snap shot by Karson Kuhlman.
8:42 of 2nd period - Stopped by Louis Domingue with a rebound.
8:44 of 2nd period - Snap shot by Ty Rattie.
8:44 of 2nd period - Stopped by Louis Domingue with a rebound.
8:46 of 2nd period - Slapshot by Dylan DeMelo.
8:46 of 2nd period - Stopped by Louis Domingue with a rebound.
8:48 of 2nd period - Backhand shot by Jiri Sekac.
8:48 of 2nd period - Stopped by Louis Domingue with a rebound.
8:50 of 2nd period - Slapshot by Andrei Mironov.
8:50 of 2nd period - Deflect By Artem Zub.
8:50 of 2nd period - Stopped by Louis Domingue with a rebound.
9:00 of 2nd period - Slapshot by Mason Appleton.
9:00 of 2nd period - Stopped by Louis Domingue without a rebound.
9:01 of 2nd period - Mason Appleton wins face-off versus Radek Faksa in Punishers zone.
9:06 of 2nd period - Snap shot by Mason Appleton.
9:06 of 2nd period - Deflect By Chrstian Dvorak.
9:06 of 2nd period - Shot Hit the Post.
9:06 of 2nd period - Puck is out of play.
9:07 of 2nd period - Mason Appleton wins face-off versus Radek Faksa in Punishers zone.
9:08 of 2nd period - Snap shot by Jakub Vrana.
9:08 of 2nd period - Shot Hit the Post.
9:10 of 2nd period - Backhand shot by Andrey Pedan.
9:10 of 2nd period - Shot Blocked by Fredrik Claesson.
9:12 of 2nd period - Snap shot by Jakub Vrana.
9:12 of 2nd period - Stopped by Louis Domingue with a rebound.
9:18 of 2nd period - Snap shot by Mason Appleton.
9:18 of 2nd period - Shot Misses the Net.
9:20 of 2nd period - Wrist shot by Jakub Vrana.
9:20 of 2nd period - Stopped by Louis Domingue without a rebound.
9:21 of 2nd period - Zack Hamill wins face-off versus Brandon Pirri in Punishers zone.
9:23 of 2nd period - Minor Penalty to Tyler Bertuzzi for Tripping.
9:24 of 2nd period - Corey Trivino wins face-off versus Zack Hamill in Punishers zone.
9:34 of 2nd period - Wrist shot by Adrian Kempe.
9:34 of 2nd period - Goal by Adrian Kempe - Punishers : 2 - Rocket : 1.
9:35 of 2nd period - Zack Hamill wins face-off versus Peter Holland in neutral zone.
9:37 of 2nd period - Artem Zub is hit by Viktor Loov and loses puck.
9:40 of 2nd period - Slapshot by Artem Zub.
9:40 of 2nd period - Stopped by Igor Shesterkin with a rebound.
9:42 of 2nd period - Wrist shot by Corey Tropp.
9:42 of 2nd period - Shot Misses the Net.
9:44 of 2nd period - Wrist shot by Corey Tropp.
9:44 of 2nd period - Deflect By Mattias Tedenby.
9:44 of 2nd period - Shot Misses the Net.
9:44 of 2nd period - Puck is out of play.
9:45 of 2nd period - Zack Hamill wins face-off versus Peter Holland in Rocket zone.
9:46 of 2nd period - Slapshot by Corey Tropp.
9:46 of 2nd period - Stopped by Igor Shesterkin without a rebound.
9:47 of 2nd period - Zack Hamill wins face-off versus Peter Holland in Rocket zone.
9:50 of 2nd period - Wrist shot by Zack Hamill.
9:50 of 2nd period - Shot Misses the Net.
9:52 of 2nd period - Snap shot by Tyler Bertuzzi.
9:52 of 2nd period - Shot Misses the Net.
9:54 of 2nd period - Slapshot by Ben Betker.
9:54 of 2nd period - Shot Blocked by Peter Holland.
9:56 of 2nd period - Wrist shot by Corey Tropp.
9:56 of 2nd period - Stopped by Igor Shesterkin with a rebound.
9:58 of 2nd period - Snap shot by Artem Zub.
9:58 of 2nd period - Shot Blocked by Viktor Loov.
10:12 of 2nd period - Viktor Loov is hit by Chrstian Dvorak and loses puck.
10:39 of 2nd period - Snap shot by Austen Brassard.
10:39 of 2nd period - Shot Misses the Net.
10:41 of 2nd period - Wrist shot by Ben Betker.
10:41 of 2nd period - Shot Misses the Net.
10:43 of 2nd period - Slapshot by Ben Betker.
10:43 of 2nd period - Stopped by Igor Shesterkin with a rebound.
11:19 of 2nd period - Wrist shot by Mattias Tedenby.
11:19 of 2nd period - Shot Misses the Net.
11:21 of 2nd period - Slapshot by Brandon Pirri.
11:21 of 2nd period - Stopped by Louis Domingue without a rebound.
11:22 of 2nd period - Peter Holland wins face-off versus Radek Faksa in Punishers zone.
11:40 of 2nd period - Minor Penalty to Connor Clifton for Holding Stick.
11:41 of 2nd period - Corey Trivino wins face-off versus Zack Hamill in Punishers zone.
11:45 of 2nd period - Slapshot by Danton Heinen.
11:45 of 2nd period - Deflect By Corey Trivino.
11:45 of 2nd period - Stopped by Louis Domingue with a rebound.
11:47 of 2nd period - Slapshot by Adam Fox.
11:47 of 2nd period - Deflect By Danton Heinen.
11:47 of 2nd period - Stopped by Louis Domingue with a rebound.
11:49 of 2nd period - Slapshot by Viktor Loov.
11:49 of 2nd period - Goal by Viktor Loov - Punishers : 2 - Rocket : 2.
11:50 of 2nd period - Peter Holland wins face-off versus Zack Hamill in neutral zone.
12:03 of 2nd period - Slapshot by Ben Betker.
12:03 of 2nd period - Stopped by Igor Shesterkin without a rebound.
12:04 of 2nd period - Zack Hamill wins face-off versus Danton Heinen in Rocket zone.
12:07 of 2nd period - Wrist shot by Tyler Bertuzzi.
12:07 of 2nd period - Stopped by Igor Shesterkin with a rebound.
12:19 of 2nd period - Wrist shot by Danton Heinen.
12:19 of 2nd period - Goal by Danton Heinen - Punishers : 2 - Rocket : 3.
12:20 of 2nd period - Zack Hamill wins face-off versus Peter Holland in neutral zone.
12:29 of 2nd period - Brandon Pirri is hit by Ben Betker and loses puck.
13:10 of 2nd period - Adam Fox is hit by Anton Blidh.
13:50 of 2nd period - Mattias Tedenby is hit by Zack Hamill and loses puck.
14:11 of 2nd period - Carter Ashton is hit by Corey Trivino and loses puck.
14:16 of 2nd period - Wrist shot by Adrian Kempe.
14:16 of 2nd period - Deflect By Danton Heinen.
14:16 of 2nd period - Shot Blocked by Ben Betker.
14:16 of 2nd period - Puck is out of play.
14:17 of 2nd period - Radek Faksa wins face-off versus Corey Trivino in Punishers zone.
14:17 of 2nd period - Radek Faksa is hit by Andrey Pedan.
14:31 of 2nd period - Adrian Kempe is hit by Radek Faksa and loses puck.
15:07 of 2nd period - Jakub Vrana is hit by Anton Blidh.
15:13 of 2nd period - Snap shot by Mason Appleton.
15:13 of 2nd period - Stopped by Louis Domingue with a rebound.
15:43 of 2nd period - Minor Penalty to Jiri Sekac for Hooking.
15:44 of 2nd period - Zack Hamill wins face-off versus Karson Kuhlman in Rocket zone.
17:43 of 2nd period - Penalty to Jiri Sekac is over, Jiri Sekac is back on ice.
17:59 of 2nd period - Wrist shot by Mason Appleton.
17:59 of 2nd period - Stopped by Louis Domingue with a rebound.
18:01 of 2nd period - Snap shot by Jakub Vrana.
18:01 of 2nd period - Shot Misses the Net.
18:15 of 2nd period - Wrist shot by Mattias Tedenby.
18:15 of 2nd period - Stopped by Louis Domingue without a rebound.
18:16 of 2nd period - Radek Faksa wins face-off versus Mattias Tedenby in Punishers zone.
18:26 of 2nd period - Snap shot by Carter Ashton.
18:26 of 2nd period - Stopped by Igor Shesterkin without a rebound.
18:27 of 2nd period - Peter Holland wins face-off versus Radek Faksa in Rocket zone.
18:58 of 2nd period - Slapshot by Artem Zub.
18:58 of 2nd period - Stopped by Igor Shesterkin without a rebound.
18:59 of 2nd period - Adrian Kempe wins face-off versus John Quenneville in Rocket zone.
18:59 of 2nd period - Adrian Kempe is hit by Austen Brassard.
19:24 of 2nd period - Wrist shot by Jiri Sekac.
19:24 of 2nd period - Stopped by Louis Domingue with a rebound.
19:49 of 2nd period - Off-side.
19:50 of 2nd period - Radek Faksa wins face-off versus Mattias Tedenby in neutral zone.
Goals for this period are 0 for Punishers vs 3 for Rocket.
Shots for this period are 16 for Punishers vs 20 for Rocket.

3rd period


0:01 of 3rd period - Peter Holland wins face-off versus Zack Hamill in neutral zone.
0:16 of 3rd period - Artem Zub is hit by Viktor Loov and loses puck.
0:32 of 3rd period - Minor Penalty to Radek Faksa for Tripping.
0:33 of 3rd period - Zack Hamill wins face-off versus Corey Trivino in Punishers zone.
0:38 of 3rd period - Snap shot by Adrian Kempe.
0:38 of 3rd period - Shot Misses the Net.
0:40 of 3rd period - Slapshot by Viktor Loov.
0:40 of 3rd period - Deflect By Corey Tropp.
0:40 of 3rd period - Stopped by Louis Domingue without a rebound.
0:41 of 3rd period - Zack Hamill wins face-off versus Adrian Kempe in Punishers zone.
1:28 of 3rd period - Dylan DeMelo is hit by Tyler Bertuzzi and loses puck.
2:32 of 3rd period - Penalty to Radek Faksa is over, Radek Faksa is back on ice.
2:33 of 3rd period - Corey Trivino is hit by Radek Faksa.
3:06 of 3rd period - Fredrik Claesson is hit by Andrey Pedan and loses puck.
3:13 of 3rd period - Wrist shot by Ty Rattie.
3:13 of 3rd period - Stopped by Louis Domingue with a rebound.
3:54 of 3rd period - Mattias Tedenby is hit by Anton Blidh and loses puck.
4:32 of 3rd period - Snap shot by Jiri Sekac.
4:32 of 3rd period - Stopped by Louis Domingue without a rebound.
4:33 of 3rd period - Jiri Sekac wins face-off versus John Quenneville in Punishers zone.
4:39 of 3rd period - Ben Betker is hit by Jiri Sekac and loses puck.
6:58 of 3rd period - Slapshot by Adam Fox.
6:58 of 3rd period - Shot Misses the Net.
7:09 of 3rd period - Icing by Kole Sherwood.
7:10 of 3rd period - Karson Kuhlman wins face-off versus Nikita Gusev in Rocket zone.
7:37 of 3rd period - Minor Penalty to Brandon Pirri for Boarding.
7:38 of 3rd period - Zack Hamill wins face-off versus Karson Kuhlman in Rocket zone.
7:39 of 3rd period - Wrist shot by Corey Tropp.
7:39 of 3rd period - Stopped by Igor Shesterkin without a rebound.
7:40 of 3rd period - Zack Hamill wins face-off versus Karson Kuhlman in Rocket zone.
7:43 of 3rd period - Snap shot by Corey Tropp.
7:43 of 3rd period - Stopped by Igor Shesterkin with a rebound.
7:45 of 3rd period - Slapshot by Artem Zub.
7:45 of 3rd period - Shot Blocked by Dylan DeMelo.
8:15 of 3rd period - Slapshot by Chrstian Dvorak.
8:15 of 3rd period - Stopped by Igor Shesterkin with a rebound.
8:37 of 3rd period - Zack Hamill is hit by Karson Kuhlman and loses puck.
9:06 of 3rd period - Ben Betker is hit by Jiri Sekac and loses puck.
9:37 of 3rd period - Penalty to Brandon Pirri is over, Brandon Pirri is back on ice.
9:38 of 3rd period - Icing by Adrian Kempe.
9:39 of 3rd period - Jiri Sekac wins face-off versus Alex Schoenborn in Rocket zone.
10:06 of 3rd period - Adam Fox is hit by Anton Blidh.
10:44 of 3rd period - Wrist shot by Danton Heinen.
10:44 of 3rd period - Stopped by Louis Domingue with a rebound.
10:46 of 3rd period - Wrist shot by Danton Heinen.
10:46 of 3rd period - Shot Hit the Post.
10:48 of 3rd period - Slapshot by Dean Kukan.
10:48 of 3rd period - Shot Blocked by Ben Betker.
11:15 of 3rd period - Icing by Jiri Sekac.
11:16 of 3rd period - Mason Appleton wins face-off versus John Quenneville in Rocket zone.
11:42 of 3rd period - Slapshot by Corey Tropp.
11:42 of 3rd period - Stopped by Igor Shesterkin without a rebound.
11:43 of 3rd period - Zack Hamill wins face-off versus Peter Holland in Rocket zone.
11:52 of 3rd period - Wrist shot by Corey Tropp.
11:52 of 3rd period - Shot Blocked by Mattias Tedenby.
11:54 of 3rd period - Slapshot by Corey Tropp.
11:54 of 3rd period - Shot Misses the Net.
11:56 of 3rd period - Wrist shot by Tyler Bertuzzi.
11:56 of 3rd period - Goal by Tyler Bertuzzi - Punishers : 3 - Rocket : 3.
11:57 of 3rd period - Peter Holland wins face-off versus Zack Hamill in neutral zone.
12:08 of 3rd period - Ben Betker is hit by Mattias Tedenby and loses puck.
12:23 of 3rd period - Adam Fox is hit by Carter Ashton and loses puck.
12:48 of 3rd period - Nikita Gusev is hit by Dylan DeMelo and loses puck.
13:11 of 3rd period - Wrist shot by Mason Appleton.
13:11 of 3rd period - Shot Blocked by Connor Clifton.
13:13 of 3rd period - Slapshot by Andrei Mironov.
13:13 of 3rd period - Deflect By Kole Sherwood.
13:13 of 3rd period - Goal by Kole Sherwood - Punishers : 3 - Rocket : 4.
13:14 of 3rd period - Zack Hamill wins face-off versus Peter Holland in neutral zone.
13:21 of 3rd period - Wrist shot by Zack Hamill.
13:21 of 3rd period - Shot Misses the Net.
13:48 of 3rd period - Snap shot by Adrian Kempe.
13:48 of 3rd period - Stopped by Louis Domingue with a rebound.
13:50 of 3rd period - Snap shot by Corey Trivino.
13:50 of 3rd period - Stopped by Louis Domingue with a rebound.
14:04 of 3rd period - Slapshot by Jiri Sekac.
14:04 of 3rd period - Stopped by Louis Domingue with a rebound.
14:06 of 3rd period - Slapshot by Dylan DeMelo.
14:06 of 3rd period - Deflect By Nikita Gusev.
14:06 of 3rd period - Stopped by Louis Domingue with a rebound.
14:42 of 3rd period - Icing by Artem Zub.
14:43 of 3rd period - Zack Hamill wins face-off versus Mason Appleton in Punishers zone.
14:43 of 3rd period - Zack Hamill is hit by Mason Appleton.
14:50 of 3rd period - Minor Penalty to Andrey Pedan for Holding.
14:51 of 3rd period - Karson Kuhlman wins face-off versus Zack Hamill in Rocket zone.
14:51 of 3rd period - Karson Kuhlman is hit by Corey Tropp.
16:50 of 3rd period - Penalty to Andrey Pedan is over, Andrey Pedan is back on ice.
17:03 of 3rd period - Adrian Kempe is hit by Alex Schoenborn and loses puck.
17:37 of 3rd period - Andrey Pedan is hit by Nikita Gusev and loses puck.
18:08 of 3rd period - Noah Juulsen is hit by Peter Holland and loses puck.
18:39 of 3rd period - Dylan DeMelo is hit by Nikita Gusev and loses puck.
18:58 of 3rd period - Artem Zub is hit by Mattias Tedenby and loses puck.
19:07 of 3rd period - Wrist shot by Danton Heinen.
19:07 of 3rd period - Stopped by Louis Domingue with a rebound.
19:17 of 3rd period - Punishers, Louis Domingue is pulled from the net.
19:33 of 3rd period - Wrist shot by Zack Hamill.
19:33 of 3rd period - Shot Misses the Net.
19:35 of 3rd period - Snap shot by Corey Tropp.
19:35 of 3rd period - Stopped by Igor Shesterkin without a rebound.
19:36 of 3rd period - Claude Noël call a timeout for Punishers.
19:36 of 3rd period - Jakub Vrana wins face-off versus Zack Hamill in Rocket zone.
19:41 of 3rd period - Snap shot by Zack Hamill.
19:41 of 3rd period - Shot Misses the Net.
19:43 of 3rd period - Backhand shot by Zack Hamill.
19:43 of 3rd period - Shot Blocked by Danton Heinen.
19:45 of 3rd period - Wrist shot by Zack Hamill.
19:45 of 3rd period - Deflect By Corey Tropp.
19:45 of 3rd period - Shot Misses the Net.
19:45 of 3rd period - Puck is out of play.
19:46 of 3rd period - Danton Heinen wins face-off versus Zack Hamill in Rocket zone.
19:50 of 3rd period - Off-side.
19:51 of 3rd period - Zack Hamill wins face-off versus Danton Heinen in neutral zone.
Goals for this period are 1 for Punishers vs 1 for Rocket.
Shots for this period are 6 for Punishers vs 10 for Rocket.